 Dungeon Crawl Stone Soup version 0.23.2-1-ga50397a (webtiles) character file.

Game seed: 15558546420003390938

128 sankara the Slasher (level 4, 0/38 HPs)
             Began as a Minotaur Gladiator on May 20, 2019.
             Was a Follower of Okawaru.
             Slain by Grinder (2 damage)
             ... while paralysed by Grinder
             ... on level 3 of the Dungeon.
             The game lasted 00:06:48 (2656 turns).

sankara the Slasher (Minotaur Gladiator)            Turns: 2656, Time: 00:06:48

Health: 0/38       AC:  3    Str: 17 (18) XL:     4   Next: 87%
Magic:  3/3        EV:  2    Int:  4 (5)  God:    Okawaru [*.....]
Gold:   145        SH:  0    Dex: 11 (13) Spells: 3/3 levels left

rFire    . . .     SeeInvis .   a - +0 long sword
rCold    . . .     Gourm    .   (no shield)
rNeg     . . .     Faith    .   m - +0 leather armour
rPois    .         Spirit   .   c - +0 hat
rElec    .         Reflect  .   s - scarf {cloud immunity}
rCorr    .         Harm     .   (no gloves)
MR       .....                  (no boots)
Stlth    +.........             (no amulet)
HPRegen  0.12/turn              (no ring)
MPRegen  0.08/turn              (no ring)

@: paralysed, flying
A: retaliatory headbutt, horns 2
a: Heroism, Renounce Religion


You were on level 3 of the Dungeon.
You worshipped Okawaru.
Okawaru was aware of your devotion.
You were not hungry.

You visited 1 branch of the dungeon, and saw 3 of its levels.

You collected 145 gold pieces.

Inventory:

Hand Weapons
 a - a +0 long sword (weapon)
 b - a +0 dagger
   (You took it off a kobold on level 1 of the Dungeon)
 t - a +2 vampiric hand axe
   (You found it on level 3 of the Dungeon)
Missiles
 d - 3 throwing nets {=f, !d}
 j - 10 sling bullets
 n - 72 stones (quivered)
 q - 4 tomahawks
Armour
 c - a +0 hat (worn)
 m - a +0 leather armour (worn)
 s - a scarf of cloud immunity (worn)
   (You found it on level 3 of the Dungeon)
Jewellery
 e - an uncursed ring of ice {rC+, rF-}
   (You found it on level 1 of the Dungeon)
Wands
 h - a wand of polymorph (9)
   (You found it on level 3 of the Dungeon)
Scrolls
 i - 2 scrolls of enchant weapon {unknown}
 k - 5 scrolls of identify {unknown}
 l - 2 scrolls of remove curse {unknown}
 u - a scroll of teleportation {unknown}
 v - a scroll of amnesia {unknown}
Comestibles
 f - 4 rations


   Skills:
 + Level 3.5 Fighting
 * Level 5.3 Long Blades
 - Level 2.0 Throwing
 + Level 4.1 Dodging
 - Level 1.0 Stealth


You had 3 spell levels left.
You didn't know any spells.
Your spell library contained the following spells:

 Spells                   Type           Power        Failure   Level  Hunger
 Confusing Touch          Hex            #.....       56%         1    ##.....
 Confuse                  Hex            #.......     91%         3    ####...
 Gell's Gravitas          Tloc           #.........   91%         3    ####...
 Petrify                  Tmut/Erth      #.......     100%        4    #####..
 Metabolic Englaciation   Hex/Ice        #.........   100%        5    ######.
 Yara's Violent Unravell  Hex/Tmut       #.........   100%        5    ######.


Dungeon Overview and Level Annotations

Branches:
Dungeon (3/15)

Altars:
Okawaru
Trog

Annotations:
D:3 Grinder


Innate Abilities, Weirdness & Mutations

You reflexively headbutt those who attack you in melee.
You have a pair of horns on your head.


Message History

You butcher the iguana corpse.
w - 3 chunks of flesh {@w0} You see here an iguana skeleton.
You start resting.
Eating one of 3 chunks of flesh {@w0}.
You eat one of the 3 chunks of flesh {@w0}.
This raw flesh tastes terrible.
HP restored.
Partly explored, can't reach some places.
Partly explored, can't reach some places.
There is an open door here.
All of the chunks of flesh in your inventory have rotted away.
You open the large door.
Marking area around Grinder as unsafe for travelling.
An adder, 2 giant cockroaches and Grinder come into view.
Grinder shouts!
The adder hisses angrily.
Grinder blinks!
The adder barely misses you. You furiously retaliate!
You headbutt the adder.
There is a large open door here.
Your leather armour prevents you from hitting the adder.
Your headbutt misses the adder.
The adder is lightly wounded.
Grinder blinks!
The adder barely misses you.
You riposte.
You hit the adder but do no damage.
The adder is lightly wounded.
You miss the adder. Your headbutt misses the adder.
The adder is lightly wounded.
The giant cockroach bites you but does no damage.
The adder bites you. The giant cockroach bites you.
The giant cockroach closely misses you. The adder bites you.
You are too injured to fight recklessly!
You are too injured to fight recklessly!
You are too injured to fight recklessly!
You hit the adder but do no damage.
The adder is lightly wounded.
The giant cockroach bites you. The adder closely misses you.
You riposte.
You hit the adder. Your headbutt misses the adder.
The adder is heavily wounded.
The giant cockroach misses you. Grinder gestures at you.
Pain shoots through your body!
You hit the adder.
The adder is severely wounded.
The adder barely misses you. You furiously retaliate!
You headbutt the adder.
You riposte.
You hit the adder.
You kill the adder!
Okawaru accepts your kill.
You can now gain great but temporary skills.
The giant cockroach barely misses you. x2; You furiously retaliate!
You headbutt the giant cockroach.
The giant cockroach waves its antennae.
The giant cockroach completely misses you.
You riposte.
You hit the giant cockroach but do no damage.
You headbutt the giant cockroach.
You kill the giant cockroach!
Okawaru accepts your kill.
The giant cockroach bites you but does no damage.
It was a potion of flight.
You feel very buoyant.
You fly up into the air.
The giant cockroach bites you but does no damage.
It was a potion of magic.
Magic courses through your body. The giant cockroach barely misses you.
Grinder gestures at you.
You suddenly lose the ability to move!
The giant cockroach bites you. The giant cockroach barely misses you.
Grinder gestures at you. Pain shoots through your body!
* * * LOW HITPOINT WARNING * * *
You can move again.
It was a potion of degeneration.
There was something very wrong with that liquid.
You feel weakened.
You feel dopey.
You feel clumsy.
The giant cockroach bites you but does no damage.
Grinder blinks!
The giant cockroach bites you but does no damage.
It was a potion of curing.
You feel better.
The giant cockroach bites you but does no damage.
You slash the giant cockroach!
You kill the giant cockroach!
Okawaru accepts your kill. Grinder gestures at you.
You resist with significant effort. Grinder hits you.
You writhe in agony.
You slash Grinder!
Grinder is moderately wounded.
Grinder hits you but does no damage.
You hit Grinder.
Grinder is moderately wounded.
Grinder hits you!
* * * LOW HITPOINT WARNING * * *
You writhe in agony.
* * * LOW HITPOINT WARNING * * *
Grinder gestures at you.
You suddenly lose the ability to move!
Grinder gestures at you. You resist with significant effort. Grinder hits you.
You die...

.##.........###.............#
..##8.....8##.#.#####.......#
...##.....##..#.# #.......#
....##8.8##...#.# #######.#
.....##'##....#.###########.#
..............#.##..........#
..............#.##.#############
...........(..#.##.##..........#
.......^........@5.............#
.....†..........##.##..........#
..........###''###.##..........#
.........###.†††##.............##
........###......####..........#.
##########........# #..........#.
#....#...# #..........#.
#...#....# #..........#.
#........# #..........#.


You could see Grinder.

Vanquished Creatures
  2 iguanas (D:3)
  2 adders
  2 worms (D:2)
  2 dart slugs
  A leopard gecko (D:1)
  3 orcs (D:3)
  9 bats
  5 giant cockroaches
  6 goblins
  4 hobgoblins
  2 jackals (D:3)
  A quokka (D:3)
  A ball python (D:1)
  2 frilled lizards
  5 kobolds
  3 rats
50 creatures vanquished.

Notes
Turn   | Place    | Note
-------+----------+-------------------------------------------
     0 | D:1      | sankara the Minotaur Gladiator began the quest for the Orb.
     0 | D:1      | Reached XP level 1. HP: 18/18 MP: 0/0
    43 | D:1      | Found an iron altar of Okawaru.
    50 | D:1      | Became a worshipper of Warmaster Okawaru
   147 | D:1      | Reached XP level 2. HP: 25/25 MP: 1/1
   163 | D:1      | Reached skill level 4 in Long Blades
   546 | D:2      | Reached XP level 3. HP: 13/30 MP: 2/2
   564 | D:1      | HP: 7/30 [poisoned by an adder]
   572 | D:1      | HP: 6/30 [poisoned by an adder]
   946 | D:2      | Reached skill level 1 in Stealth
   972 | D:2      | Found a bloodstained altar of Trog.
  1079 | D:2      | Reached skill level 3 in Fighting
  1760 | D:3      | Reached XP level 4. HP: 26/38 MP: 3/3
  2069 | D:3      | HP: 7/38 [orc/+0 whip (5)]
  2070 | D:3      | HP: 3/38 [orc/+0 whip (5)]
  2071 | D:3      | HP: 1/38 [orc/+0 whip (2)]
  2399 | D:3      | Reached skill level 5 in Long Blades
  2399 | D:3      | Reached skill level 4 in Dodging
  2638 | D:3      | Noticed Grinder
  2643 | D:3      | Reached * piety under Okawaru
  2645 | D:3      | Paralysed by Grinder for 3 turns
  2647 | D:3      | HP: 6/38 [Grinder/nerve-wracking pain (8)]
  2654 | D:3      | HP: 6/38 [Grinder (7)]
  2654 | D:3      | HP: 2/38 [Grinder (4)]
  2654 | D:3      | Paralysed by Grinder for 6 turns
  2656 | D:3      | Slain by Grinder

Skill      XL: |  1  2  3  4 |
---------------+-------------+-----
Long Blades    | 4 5 |  5.3
Stealth        | 1 |  1.0
Fighting       | 3 |  3.5
Dodging        | 4 |  4.1
Throwing       | |  2.0

Action                   |  1- 3 |  4- 6 || total
-------------------------+-------+-------++-------
Melee: Long sword        |    57 |    33 ||    90
       Headbutt          |     3 |     9 ||    12
  Use: Potion            |       |     4 ||     4
 Stab: Sleeping          |     2 |       ||     2
  Eat: Chunk             |     3 |     2 ||     5
Armor: Leather armour    |    13 |    15 ||    28
Dodge: Dodged            |    38 |    42 ||    80
       Rpst.: Long sword |     9 |    10 ||    19

Levels and vault maps discovered:
D:1:      scummos_arrival_hexagon, layout_basic, minivault_19,
          okawaru_ov_weapons_minmay
D:2:      layout_loops_ring, bloody_trog, first_ration
D:3:      layout_basic, dk_noncrumbling_4, kennysheep_generic_room_3,
          uniq_grinder

Table legend:
 A = Turns spent in this place as a percentage of turns spent in the entire game.
 B = Non-inter-level travel turns spent in this place as a percentage of non-inter-level travel turns spent in the entire game.
 C = Inter-level travel turns spent in this place as a percentage of turns spent in this place.
 D = Turns resting spent in this place as a percentage of non-inter-level travel turns spent in this place.
 E = Turns spent auto-exploring this place as a percentage of non-inter-level travel turns spent in this place.
 F = Non-inter-level travel turns spent in this place divided by the number of levels of this place that you've seen.
                   A       B       C       D       E      F
               +-------+-------+-------+-------+-------+----------------------
         Total | 100.0 | 100.0 |   4.5 |  34.8 |  50.2 | 845.3
       Dungeon | 100.0 | 100.0 |   4.5 |  34.8 |  50.2 | 845.3
               +-------+-------+-------+-------+-------+----------------------

Table legend:
 A = Kills in this place as a percentage of kills in entire the game.
 B = Kills by you in this place as a percentage of kills by you in the entire game.
 C = Kills by friends in this place as a percentage of kills by friends in the entire game.
 D = Other kills in this place as a percentage of other kills in the entire game.
 E = Experience gained in this place as a percentage of experience gained in the entire game.
 F = Experience gained in this place divided by the number of levels of this place that you have seen.
                   A       B       C       D       E      F
               +-------+-------+-------+-------+-------+----------------------
         Total | 100.0 | 100.0 |   N/A |   N/A | 100.0 |  61.3
       Dungeon | 100.0 | 100.0 |   N/A |   N/A | 100.0 |  61.3
               +-------+-------+-------+-------+-------+----------------------
